 Dungeon Crawl Stone Soup version 0.30-a0-728-gc68057be0a (webtiles) character file.

Game seed: 11945065368429484763

44 gruber the Ducker (level 3, -11/30 HPs)
             Began as a Djinni Gladiator on Jan 30, 2023.
             Mangled by a gnoll
             ... wielding a +0 halberd
              (13 damage)
             ... on level 2 of the Dungeon.
             The game lasted 00:01:15 (1348 turns).

gruber the Ducker (Djinni Gladiator)                Turns: 1348, Time: 00:01:16

Health: -11/30     AC:  4    Str: 13    XL:     3   Next: 87%
Gold:   48         EV: 12    Int: 11    God:
                   SH:  0    Dex: 14

rFire   + + .      SeeInvis .    p - +6 falchion "Illos" {speed, rC+}
rCold   . . .      Faith    .    (no shield)
rNeg    . . .      Spirit   .    b - +0 leather armour
rPois   ∞          Reflect  .    c - +0 helmet
rElec   .          Harm     .    (no cloak)
rCorr   .          Rampage  .    (no gloves)
Will    .....                    (boots unavailable)
Stlth   +                        (no amulet)
HPRegen 0.25/turn                (no ring)
MPRegen 0.00/turn                (no ring)

@: flying
A: sickness immunity, fire resistance 2, cold vulnerability 1, float, innate
caster, HP casting, extra vitality 1
a: no special abilities


You were on level 2 of the Dungeon.
You visited 1 branch of the dungeon, and saw 2 of its levels.

You collected 48 gold pieces.

Inventory:

Hand Weapons
 p - the +6 falchion "Illos" (weapon) {speed, rC+}
   (You found it on level 2 of the Dungeon)

   rC:        It protects you from cold.
Missiles
 d - 3 throwing nets (quivered)
 e - a javelin
Armour
 b - a +0 leather armour (worn)
 c - a +0 helmet (worn)
Wands
 o - a wand of flame (15)
Scrolls
 a - a scroll of silence {unknown}
 g - a scroll of enchant armour {unknown}
 h - 2 scrolls of identify {unknown}
 i - a scroll of poison {unknown}
 j - a scroll of noise {unknown}
 l - a scroll of fog {unknown}
Potions
 k - 3 potions of mutation {unknown}
 m - a potion of berserk rage {unknown}
 n - a potion of invisibility {unknown}


   Skills:
 - Level 3.1 Fighting
 - Level 3.0(3.1) Short Blades
 * Level 0.9(2.1) Long Blades
 - Level 1.7 Throwing
 - Level 3.3 Dodging


You had one spell level left.
You knew the following spells:

 Your Spells              Type           Power      Damage    Failure   Level
a - Freeze                Ice            0%         1d3       41%         1
Your spell library was empty.

Dungeon Overview and Level Annotations

Branches:
Dungeon (2/15)

Altars:


Innate Abilities, Weirdness & Mutations

You are immune to sickness and miasma.
You are immune to poison.
Your flesh is very heat resistant. (rF++)
You are vulnerable to cold. (rC-)
You float through the air rather than walking.
You learn spells naturally, not from books.
Your magical power is your life essence.
You have superior vitality. (+4 MHP)


Message History

You drop a +3 short sword.
Key pressed, stopping explore.
An endoplasm comes into view.
An endoplasm is nearby!
Found a plate armour.
The endoplasm quivers.
The endoplasm hits you.
You slash the endoplasm!
You kill the endoplasm!
No target in view!
No target in view!
A gnoll comes into view. It is wielding a +0 flail.
A gnoll is nearby!
A gnoll is nearby!
A gnoll comes into view. It is wielding a +0 club.
The gnoll shouts!
A gnoll comes into view. It is wielding a +0 halberd.
A gnoll comes into view. It is wielding a +0 club.
The gnoll shouts! x2
There is an open door here.
The gnoll hits you with a +0 club! The gnoll attacks as you move away!
The gnoll hits you with a +0 club.
There is an open door here.
You barely miss the gnoll. You hit the gnoll.
The gnoll is heavily wounded.
The gnoll hits you with a +0 flail.
You hit the gnoll but do no damage.
The gnoll is heavily wounded.
The gnoll barely misses you. The gnoll hits you with a +0 flail!
* * * LOW HITPOINT WARNING * * *
You slash the gnoll!
You kill the gnoll!
The gnoll completely misses you.
You hit the gnoll.
The gnoll is moderately wounded.
You slash the gnoll!
You kill the gnoll!
The gnoll hits you from afar with a +0 halberd!
You die...

##.......##
###.........###
.'.........'.
#.........#
#.......#
#.g...#
########...#
........#g####
###[..?..)@.#
###...##.#.##.#
#...#.##.#.##.#
#.........#.#
###.##......#
#.##....#.####.
#..............
......#.########
#######.#


You could see a gnoll.

Vanquished Creatures
  2 gnolls (D:2)
  A worm (D:2)
  2 endoplasms
  2 giant cockroaches (D:1)
  6 goblins
  4 hobgoblins
  A quokka (D:1)
  3 ball pythons (D:1)
  2 bats (D:1)
  5 frilled lizards
  3 kobolds (D:1)
  A rat (D:1)
32 creatures vanquished.

Notes
Turn   | Place    | Note
-------+----------+-------------------------------------------
     0 | D:1      | gruber the Djinni Gladiator began the quest for the Orb.
     0 | D:1      | Reached XP level 1. HP: 18/18 MP: 0/0
   103 | D:1      | Reached XP level 2. HP: 23/23 MP: 0/0
   796 | D:1      | Reached XP level 3. HP: 23/29 MP: 0/0
   796 | D:1      | Learned a level 1 spell: Freeze
  1175 | D:2      | Identified the +6 falchion "Illos" {speed, rC+}
  1348 | D:2      | Mangled by a gnoll

Illustrated notes

Levels and vault maps discovered:
D:1:      saegor_arrival_simple_e, layout_basic, hangedman_decor_diamond_cutter,
          chequers_jeans, minmay_misc_feat_square, minmay_pentomino_z2
D:2:      layout_loops_corners, hellmonk_ecumenical_altar_run_dry,
          guppyfry_early_lair_pool, uniq_crazy_yiuf_cottage

Skill      XL: |  1  2  3 |
---------------+----------+-----
Short Blades   | 3 |  3.0
Fighting       | 3 |  3.1
Long Blades    | |  0.9
Throwing       | |  1.7
Dodging        | |  3.3

Action                     || total
---------------------------++-------
  Melee: Rapier            ||    11
         Short sword       ||    72
         Falchion          ||     7
  Throw: Throwing net      ||     1
   Stab: Sleeping          ||     3
         Held in net/web   ||     2
 Armour: Leather armour    ||    24
  Dodge: Dodged            ||    29

Table legend: (Time is in decaauts)
 A = Elapsed time spent in this place.
 B = Non-inter-level travel time spent in this place.
 C = Inter-level travel time spent in this place.
 D = Time resting spent in this place.
 E = Time spent auto-exploring this place.
 F = Levels seen in this place.
 G = Mean time per level.
                   A        B        C        D        E       F      G
               +--------+--------+--------+--------+--------+-----+--------+
         Total |   1334 |   1291 |     43 |      0 |   1099 |   2 |  667.0 |
       Dungeon |   1334 |   1291 |     43 |      0 |   1099 |   2 |  667.0 |
               +--------+--------+--------+--------+--------+-----+--------+

Top non-repeatable levels by time:
     D:1: 1074 daAuts
     D:2: 260 daAuts
